 Dungeon Crawl Stone Soup version 0.26.1-2-gb8aa6d0cf2 (webtiles) character file.

Game seed: 15564303207600998260

63 DasRunzen the Conjurer (level 3, 0/28 HPs)
             Began as a Demigod Conjurer on Feb 8, 2021.
             Succumbed to an adder's poison
             ... on level 2 of the Dungeon on Feb 9, 2021.
             The game lasted 00:02:50 (1282 turns).

DasRunzen the Conjurer (Demigod Conjurer)           Turns: 1282, Time: 00:02:51

Health: 0/28       AC:  2    Str: 12    XL:     3   Next: 63%
Magic:  3/8        EV: 13    Int: 22    God:
Gold:   79         SH:  0    Dex: 14    Spells: 3/6 levels left

rFire    . . .     SeeInvis .   b - +1 dagger (holy)
rCold    . . .     Faith    .   (no shield)
rNeg     . . .     Spirit   .   a - +0 robe
rPois    .         Reflect  .   (no helmet)
rElec    .         Harm     .   (no cloak)
rCorr    .         Rampage  .   (no gloves)
Will     .....                  (no boots)
Stlth    ++........             (no amulet)
HPRegen  0.09/turn              (no ring)
MPRegen  0.11/turn              (no ring)

@: lethally poisoned (0 -> -6), attractive, hasted, very quick
A: high mp 1
a: no special abilities


You were on level 2 of the Dungeon.
You visited 1 branch of the dungeon, and saw 2 of its levels.

You collected 79 gold pieces.

Inventory:

Hand Weapons
 b - a +1 dagger of holy wrath (weapon)
Armour
 a - a +0 robe (worn)
Potions
 e - a potion of lignification {unknown}
 f - 2 potions of curing {unknown}
 g - a potion of heal wounds {unknown}


   Skills:
 + Level 1.2 Fighting
 + Level 1.1 Armour
 + Level 2.3 Dodging
 - Level 1.7 Stealth
 + Level 2.2 Spellcasting
 + Level 3.9 Conjurations


You had 3 spell levels left.
You knew the following spells:

 Your Spells              Type           Power        Failure   Level
a - Magic Dart            Conj           76%          2%          1
b - Searing Ray           Conj           38%          4%          2

Your spell library contained the following spells:

 Spells                   Type           Power        Failure   Level
 Dazzling Flash           Conj/Hex       22%          19%         3
 Fulminant Prism          Conj/Hex       5%           52%         4
 Iskenderun's Mystic Bla  Conj/Tloc      11%          52%         4


Dungeon Overview and Level Annotations

Branches:
Dungeon (2/15)


Innate Abilities, Weirdness & Mutations

You have an increased reservoir of magic. (+10% MP)


Message History

(Press . to maintain the ray.)
The adder hisses angrily.
* * * LOW HITPOINT WARNING * * *
You feel sick. The adder barely misses you.
The searing ray hits the adder.
The adder is almost dead.
* * * LOW HITPOINT WARNING * * *
You feel sick. The adder barely misses you. The adder closely misses you.
The searing ray misses the adder.
The adder bites you.
* * * LOW HITPOINT WARNING * * *
The searing ray hits the adder!
You kill the adder!
You finish channeling your searing ray.
* * * LOW HITPOINT WARNING * * *
You feel sick.
It was a potion of haste.
You feel yourself speed up. The adder bites you but does no damage.
It was a potion of attraction.
You feel attractive to monsters.
You die...

### ## #.... ... #.#. #.#
... #.# #.# #.# ######.#
#.########.
##..#...######..........
##.♣..♣.....##........>..
#.♣♣♣♣♣♣....@.).....#
##.♣♣♣ ♣.♣♣.S######.#
#....♣♣♣♣♣♣♣).# #
##..♣♣.♣♣.♣♣...#
#...♣.♣♣♣.♣.....
#...♣.♣♣..♣♣.....
#.♣.♣.♣.♣._♣..####
##..♣♣♣.♣♣♣.♣♣.#
#..♣.♣♣♣♣♣.♣♣♣.#


You could see an adder.

Vanquished Creatures
  An adder (D:2)
  An ooze (D:2)
  A worm (D:2)
  3 dart slugs (D:1)
  3 leopard geckos
  7 hobgoblins
  3 kobolds
  A ball python (D:1)
  6 bats
  A frilled lizard (D:1)
  7 goblins
  3 rats
37 creatures vanquished.

Notes
Turn   | Place    | Note
-------+----------+-------------------------------------------
     0 | D:1      | DasRunzen the Demigod Conjurer began the quest for the Orb.
     0 | D:1      | Reached XP level 1. HP: 14/14 MP: 5/5
   295 | D:1      | Reached XP level 2. HP: 22/22 MP: 0/7
   769 | D:1      | You fall into a shaft and drop 1 floor!
   772 | D:2      | Reached XP level 3. HP: 27/27 MP: 1/8
   775 | D:2      | Learned a level 2 spell: Searing Ray
  1031 | D:2      | Reached skill level 1 in Fighting
  1040 | D:2      | Reached skill level 1 in Armour
  1211 | D:2      | Found a faded altar of an unknown god.
  1280 | D:2      | HP: 1/28 [poisoned by an adder]
  1282 | D:2      | Succumbed to an adder's poison

Illustrated notes

Levels and vault maps discovered:
D:1:      wander_arrival_estate, layout_basic
D:2:      layout_loops_ring, chequers_ecumenical_altar_grove,
          roderic_cross_of_infinity, uniq_natasha, uniq_crazy_yiuf_cottage

Skill      XL: |  1  2  3 |
---------------+----------+-----
Dodging        | 2 |  2.3
Spellcasting   | 2 |  2.2
Fighting       | 1 |  1.2
Armour         | 1 |  1.1
Stealth        | |  1.7
Conjurations   | |  3.9

Action                   || total
-------------------------++-------
Melee: Dagger            ||    33
 Cast: Magic Dart        ||    45
       Searing Ray       ||     3
  Use: Potion            ||     2
 Stab: Sleeping          ||     1
Armor: Robe              ||     5
Dodge: Dodged            ||    25
